 Dungeon Crawl Stone Soup version 0.26.1-11-gd32895ea62 (webtiles) character file.

Game seed: 11179870913385446015

8954 Almogavar the Fighter (level 11, -1/98 HPs)
             Began as a Gnoll Wanderer on Apr 21, 2021.
             Was a Priest of Okawaru.
             Slain by a vampire (5 damage)
             ... on level 9 of the Dungeon.
             The game lasted 00:30:31 (11140 turns).

Almogavar the Fighter (Gnoll Wanderer)             Turns: 11140, Time: 00:30:31

Health: -1/98      AC: 14    Str: 16    XL:     11   Next: 38%
Magic:  20/20      EV: 14    Int: 17    God:    Okawaru [***...]
Gold:   501        SH:  5    Dex: 14    Spells: 22/22 levels left

rFire    . . .     SeeInvis .   p - +4 scimitar (flame)
rCold    + . .     Faith    .   (no shield)
rNeg     . . .     Spirit   .   g - +0 chain mail
rPois    .         Reflect  +   t - +0 helmet
rElec    .         Harm     .   H - +0 cloak
rCorr    .         Rampage  .   D - +0 pair of gloves
Will     .....                  (no boots)
Stlth    ..........             e - amulet of reflection
HPRegen  0.26/turn              F - +4 ring of evasion
MPRegen  0.17/turn              a - ring of protection from cold

@: no status effects
A: distributed training, fangs 1, strong nose
a: Renounce Religion, Heroism


You were on level 9 of the Dungeon.
You worshipped Okawaru.
Okawaru was most pleased with you.
You visited 2 branches of the dungeon, and saw 11 of its levels.

You collected 501 gold pieces.

Inventory:

Hand Weapons
 n - a +3 quarterstaff of chaos
 o - a +3 vorpal great mace
 p - a +4 scimitar of flaming (weapon)
Missiles
 h - 19 poisoned darts (quivered)
 i - 11 boomerangs
 G - 87 arrows
Armour
 g - a +0 chain mail (worn)
 t - a +0 helmet (worn)
 B - +0 steam dragon scales
 D - a +0 pair of gloves (worn)
 H - a +0 cloak (worn)
Jewellery
 a - a ring of protection from cold (right hand)
 e - an amulet of reflection (around neck)
 w - an uncursed amulet of the acrobat
 F - a +4 ring of evasion (left hand)
Wands
 m - a wand of disintegration (13)
 r - a wand of digging (1)
 y - a wand of iceblast (16)
 E - a wand of paralysis (21)
 K - a wand of random effects (12)
 L - a wand of polymorph (14)
Scrolls
 c - 4 scrolls of teleportation
 f - 2 scrolls of remove curse
 k - 4 scrolls of fog
 l - 2 scrolls of fear
 q - 2 scrolls of enchant weapon
 C - 3 scrolls of amnesia
 I - 2 scrolls of magic mapping {unknown}
 J - a scroll of enchant armour {unknown}
Potions
 b - a potion of curing
 d - a potion of resistance
 s - a potion of flight {unknown}
 u - a potion of cancellation
 v - 3 potions of brilliance {unknown}
 x - a potion of might
 z - 2 potions of lignification
 A - a potion of ambrosia


   Skills:
 + Level 13.3 Fighting
 + Level 6.2 Short Blades
 + Level 6.2 Long Blades
 + Level 6.2 Axes
 + Level 6.2 Maces & Flails
 + Level 6.2 Polearms
 + Level 6.8 Staves
 + Level 6.2 Slings
 + Level 6.8 Bows
 + Level 6.2 Crossbows
 + Level 6.8 Throwing
 + Level 6.2 Armour
 + Level 6.2 Dodging
 + Level 6.2 Stealth
 + Level 6.2 Shields
 + Level 6.2 Unarmed Combat
 + Level 6.2 Spellcasting
 + Level 5.1 Conjurations
 + Level 5.1 Hexes
 + Level 5.1 Summonings
 + Level 5.1 Necromancy
 + Level 5.1 Translocations
 + Level 5.1 Transmutations
 + Level 5.1 Fire Magic
 + Level 5.1 Ice Magic
 + Level 5.1 Air Magic
 + Level 5.1 Earth Magic
 + Level 5.1 Poison Magic
 + Level 6.8 Invocations
 + Level 6.8 Evocations


You had 22 spell levels left.
You didn't know any spells.
Your spell library contained the following spells:

 Spells                   Type           Power        Failure   Level
 Corona                   Hex            24%          21%         1
 Summon Small Mammal      Summ           88%          21%         1
 Call Imp                 Summ           22%          30%         2
 Ensorcelled Hibernation  Hex/Ice        44%          30%         2
 Call Canine Familiar     Summ           22%          52%         3
 Confusing Touch          Hex            22%          52%         3
 Dazzling Flash           Conj/Hex       44%          52%         3
 Summon Guardian Golem    Hex/Summ       22%          52%         3
 Tukima's Dance           Hex            22%          52%         3
 Summon Ice Beast         Ice/Summ       22%          90%         4
 Summon Lightning Spire   Summ/Air       22%          90%         4


Dungeon Overview and Level Annotations

Branches:
Dungeon (10/15)            Temple (1/1) D:7            Lair (0/6) D:10
    Orc: D:9-12

Altars:
Ashenzari
Cheibriados
Elyvilon
Fedhas
Gozag
Hepliaklqana
Kikubaaqudgha
Makhleb
Nemelex Xobeh
Okawaru
Qazlal
Ru
Sif Muna
Trog
Uskayaw
Vehumet
Wu Jian
Xom
Yredelemnul
Zin
The Shining One

Annotations:
D:10 exclusion: oklob plant


Innate Abilities, Weirdness & Mutations

Your experience applies equally to all skills.
You have very sharp teeth.
Your uncanny sense of smell can sniff out nearby items.


Message History

Something draws strength from your injuries!
You barely miss something. Something hits you but does no damage.
Something bites you!
* * * LOW HITPOINT WARNING * * *
Something draws strength from your injuries!
You hit something but do no damage. Something barely misses you.
Something bites you!
* * * LOW HITPOINT WARNING * * *
Something draws strength from your injuries!
You hit something but do no damage. Your bite misses something.
Something hits you.
* * * LOW HITPOINT WARNING * * *
You block something's attack.
You hit something but do no damage. Your bite misses something.
Something hits you but does no damage. Something barely misses you.
You hit something. You burn something. Something hits you.
* * * LOW HITPOINT WARNING * * *
Something bites you but does no damage.
You miss something. Something hits you but does no damage. Something bites you.
You die...

### ###########.##
##.##.#..##...##
#.......<@...#.##
##.##.#>{.......##
###.........#.#.##
##..#.##.###...#
#####........###.##
##.#.#.............##
#...................#
##.#............##.##
#...............####


There were no monsters in sight!

Vanquished Creatures
  Erica (D:8)
  A boulder beetle (D:9)
  A two-headed ogre (D:9)
  Pikel (D:8)
  Maggie (D:8)
  A hornet (D:8)
  Prince Ribbit (D:6)
  Sigmund (D:2)
  11 yaks (D:10)
  Duvessa (D:5)
  2 water moccasins
  An ice beast (D:10)
  3 sky beasts
  5 ogres
  2 phantoms
  4 centaurs
  4 lemures (D:8)
  2 big kobolds
  2 bullfrogs
  Dowan (D:5)
  A wyvern skeleton (D:6)
  2 scorpions
  A water moccasin skeleton (D:7)
  4 killer bees (D:5)
  3 wights (D:6)
  4 howler monkeys
  4 bullfrog zombies
  7 orc wizards
  Crazy Yiuf (D:2)
  2 jellies
  A gnoll shaman (D:6)
  5 orc priests
  8 hounds
  2 bullfrog skeletons (D:4)
  2 iguanas
  Ijyb (D:5)
  Terence (D:2)
  Natasha (thrice) (D:2)
  7 worker ants
  2 hound zombies
  2 worker ant zombies (D:4)
  Robin (D:3)
  4 gnolls (D:8)
  10 adders
  A shadow imp (D:6)
  4 white imps
  3 ufetubi
  An adder zombie (D:4)
  3 worms
  8 leopard geckos
  18 orcs
  2 bats
  4 giant cockroaches
  14 goblins
  11 hobgoblins
  10 jackals
  3 quokkas
  3 frilled lizards
  2 giant cockroach zombies (D:4)
  2 jackal skeletons
  A jackal zombie (D:4)
  10 kobolds
  A leopard gecko zombie (D:5)
  3 quokka skeletons
  A quokka zombie (D:4)
  12 rats
241 creatures vanquished.

Vanquished Creatures (others)
  A kobold (D:9)
  3 plants (D:6)
  A withered plant (D:4)
5 creatures vanquished.

Grand Total: 246 creatures vanquished

Notes
Turn   | Place    | Note
-------+----------+-------------------------------------------
     0 | D:1      | Reached skill level 12 in Fighting
     0 | D:1      | Almogavar the Gnoll Wanderer began the quest for the Orb.
     0 | D:1      | Almogavar set off with the following items: a +2
                  | quarterstaff, a potion of curing, a scroll of
                  | teleportation, a +0 robe
     0 | D:1      | Reached XP level 1. HP: 31/31 MP: 1/1
   440 | D:1      | Reached XP level 2. HP: 38/38 MP: 2/2
   614 | D:1      | Reached XP level 3. HP: 44/44 MP: 3/3
  1108 | D:2      | Noticed Natasha
  1175 | D:2      | Killed Natasha
  1176 | D:2      | Reached skill level 1 in Short Blades
  1176 | D:2      | Reached skill level 1 in Long Blades
  1176 | D:2      | Reached skill level 1 in Axes
  1176 | D:2      | Reached skill level 1 in Maces & Flails
  1176 | D:2      | Reached skill level 1 in Polearms
  1176 | D:2      | Reached skill level 1 in Slings
  1176 | D:2      | Reached skill level 1 in Crossbows
  1176 | D:2      | Reached skill level 1 in Armour
  1176 | D:2      | Reached skill level 1 in Dodging
  1176 | D:2      | Reached skill level 1 in Stealth
  1176 | D:2      | Reached skill level 1 in Shields
  1176 | D:2      | Reached skill level 1 in Unarmed Combat
  1176 | D:2      | Reached skill level 1 in Spellcasting
  1176 | D:2      | Reached skill level 1 in Invocations
  1259 | D:2      | Noticed Natasha
  1265 | D:2      | Killed Natasha
  1266 | D:2      | Reached XP level 4. HP: 46/51 MP: 5/5
  1299 | D:2      | Noticed Terence
  1308 | D:2      | Killed Terence
  1309 | D:2      | Reached skill level 1 in Conjurations
  1309 | D:2      | Reached skill level 1 in Hexes
  1309 | D:2      | Reached skill level 1 in Summonings
  1309 | D:2      | Reached skill level 1 in Necromancy
  1309 | D:2      | Reached skill level 1 in Translocations
  1309 | D:2      | Reached skill level 1 in Transmutations
  1309 | D:2      | Reached skill level 1 in Fire Magic
  1309 | D:2      | Reached skill level 1 in Ice Magic
  1309 | D:2      | Reached skill level 1 in Air Magic
  1309 | D:2      | Reached skill level 1 in Earth Magic
  1309 | D:2      | Reached skill level 1 in Poison Magic
  1318 | D:2      | Reached XP level 5. HP: 41/57 MP: 6/6
  1327 | D:2      | Noticed Natasha
  1333 | D:2      | Killed Natasha
  1582 | D:2      | Noticed Sigmund
  1590 | D:2      | Killed Sigmund
  1591 | D:2      | Reached XP level 6. HP: 49/64 MP: 7/9
  1694 | D:2      | Found a runed translucent door.
  1695 | D:2      | Noticed Crazy Yiuf
  1987 | D:2      | Killed Crazy Yiuf
  2215 | D:3      | Reached XP level 7. HP: 45/70 MP: 10/10
  2395 | D:3      | Found a glowing silver altar of Zin.
  2432 | D:3      | Found an opulent altar of Gozag.
  2594 | D:3      | Noticed Robin
  2618 | D:3      | Killed Robin
  3223 | D:4      | Reached XP level 8. HP: 77/77 MP: 12/12
  3359 | D:4      | Found a broken altar of Ashenzari.
  3565 | D:4      | Noticed a moth of wrath
  3568 | D:4      | Found a bloodstained altar of Trog.
  3693 | D:5      | Entered Level 5 of the Dungeon
  3899 | D:5      | Noticed Ijyb
  3912 | D:5      | Killed Ijyb
  4795 | D:5      | Noticed Duvessa
  4797 | D:5      | Noticed Dowan
  4804 | D:5      | Killed Duvessa
  4815 | D:5      | Killed Dowan
  4995 | D:6      | Reached XP level 9. HP: 81/83 MP: 14/14
  5536 | D:6      | Reached skill level 5 in Staves
  5536 | D:6      | Reached skill level 5 in Bows
  5536 | D:6      | Reached skill level 5 in Throwing
  5536 | D:6      | Reached skill level 5 in Evocations
  5729 | D:6      | Noticed Prince Ribbit
  5762 | D:6      | Killed Prince Ribbit
  5951 | D:6      | Found a glowing golden altar of the Shining One.
  6218 | D:7      | Found a staircase to the Ecumenical Temple.
  6234 | Temple   | Entered the Ecumenical Temple
  6254 | Temple   | Became a worshipper of Warmaster Okawaru
  6357 | D:7      | Found a snail-covered altar of Cheibriados.
  6357 | D:7      | Found an ornate altar of the Wu Jian Council.
  6364 | D:7      | Reached skill level 5 in Invocations
  6706 | D:7      | Found a radiant altar of Vehumet.
  7081 | D:8      | Noticed Maggie
  7100 | D:8      | Killed Maggie
  7100 | D:8      | Reached * piety under Okawaru
  7101 | D:8      | Reached XP level 10. HP: 89/91 MP: 17/17
  7141 | D:8      | Noticed Erica
  7170 | D:8      | Killed Erica
  7171 | D:8      | Reached skill level 5 in Short Blades
  7171 | D:8      | Reached skill level 5 in Long Blades
  7171 | D:8      | Reached skill level 5 in Axes
  7171 | D:8      | Reached skill level 5 in Maces & Flails
  7171 | D:8      | Reached skill level 5 in Polearms
  7171 | D:8      | Reached skill level 5 in Slings
  7171 | D:8      | Reached skill level 5 in Crossbows
  7171 | D:8      | Reached skill level 5 in Armour
  7171 | D:8      | Reached skill level 5 in Dodging
  7171 | D:8      | Reached skill level 5 in Stealth
  7171 | D:8      | Reached skill level 5 in Shields
  7171 | D:8      | Reached skill level 5 in Unarmed Combat
  7171 | D:8      | Reached skill level 5 in Spellcasting
  7673 | D:8      | Noticed a +0 dagger
  7674 | D:8      | Found a hide-covered altar of Uskayaw.
  7674 | D:8      | Noticed a +0 hand axe
  7941 | D:8      | Found an ancient bone altar of Kikubaaqudgha.
  8242 | D:9      | Noticed Pikel
  8288 | D:9      | Paralysed by a hornet for 1 turns
  8294 | D:8      | Paralysed by a hornet for 3 turns
  8481 | D:8      | Killed Pikel
  8482 | D:8      | Reached skill level 13 in Fighting
  8869 | D:9      | Reached ** piety under Okawaru
  8900 | D:9      | Noticed a two-headed ogre
  8901 | D:9      | Noticed a boulder beetle
  8917 | D:9      | Killed a two-headed ogre
  9223 | D:9      | Killed a boulder beetle
  9224 | D:9      | Reached XP level 11. HP: 91/98 MP: 19/19
  9702 | D:10     | Entered Level 10 of the Dungeon
  9918 | D:10     | Reached skill level 5 in Conjurations
  9918 | D:10     | Reached skill level 5 in Hexes
  9918 | D:10     | Reached skill level 5 in Summonings
  9918 | D:10     | Reached skill level 5 in Necromancy
  9918 | D:10     | Reached skill level 5 in Translocations
  9918 | D:10     | Reached skill level 5 in Transmutations
  9918 | D:10     | Reached skill level 5 in Fire Magic
  9918 | D:10     | Reached skill level 5 in Ice Magic
  9918 | D:10     | Reached skill level 5 in Air Magic
  9918 | D:10     | Reached skill level 5 in Earth Magic
  9918 | D:10     | Reached skill level 5 in Poison Magic
  9929 | D:10     | Reached *** piety under Okawaru
 10140 | D:10     | Noticed an oklob plant
 10351 | D:10     | Found a staircase to the Lair.
 11137 | D:9      | HP: 4/98 [something (4)]
 11140 | D:9      | Slain by a vampire

Illustrated notes

Levels and vault maps discovered:
D:1:      scummos_arrival_simple_crosswalls, layout_loops_corners
D:2:      layout_rooms, uniq_crazy_yiuf_cottage, uniq_terence, uniq_sigmund,
          uniq_natasha
D:3:      layout_rooms, pdpol_temple_overflow_zin_treasury_gozag_greed,
          uniq_robin
D:4:      cheibrodos_quashed, layout_cave_pools, tgw_trog, marbit_many_paths,
          serial_undead, serial_undead_a, serial_undead_f, serial_undead_c,
          serial_undead_a
D:5:      layout_loops_ring, supply_closet_lemuel, uniq_duvessa, uniq_ijyb
D:6:      minmay_recursive_quarters, layout_basic, tso_oasis_becter,
          kennysheep_crisscross, uniq_prince_ribbit1
D:7:      layout_basic, vehumet_crystals,
          chequers_temple_overflow_statue_of_worship, minmay_temple_entry_glass,
          chequers_serial_rivers_small_a
D:8:      layout_basic, overflow_temple_1_default, dancing_weapons_uskayaw,
          grunt_decor_mini_mirrors, uniq_maggie, uniq_erica
D:9:      layout_cross, uniq_pikel
D:10:     layout_grid_maze, dpeg_oklobed_lair, minmay_fractal_squares_diagonal_5
Temple:   minmay_temple_bridge_abc

Skill      XL: |  1  2  3  4  5  6  7  8  9 10 11 |
---------------+----------------------------------+-----
Fighting       | 13 | 13.3
Short Blades   | 1 2 3 4 5 6 |  6.2
Long Blades    | 1 2 3 4 5 6 |  6.2
Axes           | 1 2 3 4 5 6 |  6.2
Maces & Flails | 1 2 3 4 5 6 |  6.2
Polearms       | 1 2 3 4 5 6 |  6.2
Slings         | 1 2 3 4 5 6 |  6.2
Crossbows      | 1 2 3 4 5 6 |  6.2
Armour         | 1 2 3 4 5 6 |  6.2
Dodging        | 1 2 3 4 5 6 |  6.2
Stealth        | 1 2 3 4 5 6 |  6.2
Shields        | 1 2 3 4 5 6 |  6.2
Unarmed Combat | 1 2 3 4 5 6 |  6.2
Spellcasting   | 1 2 3 4 5 6 |  6.2
Invocations    | 1 2 3 4 5 6 |  6.8
Conjurations   | 1 2 3 4 5 |  5.1
Hexes          | 1 2 3 4 5 |  5.1
Summonings     | 1 2 3 4 5 |  5.1
Necromancy     | 1 2 3 4 5 |  5.1
Translocations | 1 2 3 4 5 |  5.1
Transmutations | 1 2 3 4 5 |  5.1
Fire Magic     | 1 2 3 4 5 |  5.1
Ice Magic      | 1 2 3 4 5 |  5.1
Air Magic      | 1 2 3 4 5 |  5.1
Earth Magic    | 1 2 3 4 5 |  5.1
Poison Magic   | 1 2 3 4 5 |  5.1
Staves         | 3 4 5 6 |  6.8
Bows           | 3 4 5 6 |  6.8
Throwing       | 3 4 5 6 |  6.8
Evocations     | 3 4 5 6 |  6.8

Action                   |  1- 3 |  4- 6 |  7- 9 | 10-12 || total
-------------------------+-------+-------+-------+-------++-------
Melee: Quarterstaff      |    67 |    63 |   366 |    47 ||   543
       Bite              |     2 |     4 |    30 |    48 ||    84
       Scimitar          |       |       |       |   228 ||   228
       Punch             |       |       |       |    10 ||    10
Throw: Dart              |       |    18 |    58 |    35 ||   111
       Boomerang         |       |       |       |    22 ||    22
Invok: Heroism           |       |       |       |     7 ||     7
  Use: Scroll            |     3 |     2 |    10 |     3 ||    18
       Potion            |       |       |       |     2 ||     2
 Stab: Sleeping          |     1 |     3 |     1 |       ||     5
       Paralysed         |       |       |     4 |       ||     4
       Confused          |       |       |     2 |       ||     2
       Petrified         |       |       |     2 |       ||     2
Armor: Robe              |    10 |    17 |    19 |       ||    46
       Chain mail        |       |       |   120 |   147 ||   267
Dodge: Dodged            |    33 |    32 |   165 |   190 ||   420
Block: Other             |       |    11 |    76 |    62 ||   149
       Reflection        |       |       |     1 |     2 ||     3
       Rpst.: Scimitar   |       |       |       |    55 ||    55
